Map: King's Cove LE

Players

Hellraiser

  • Race: Protoss Protoss
  • Spawn Location: 11:00

Elazer - Winner!

  • Race: Zerg Zerg
  • Spawn Location: 5:00

Event: IEM Season 13: Katowice (2019)

VOD

Have the link to the VOD?

Description

Time

  • Played on: Feb. 26, 2019, 9:23 a.m.
  • Length: 8:45

All games in this series

Show
View Real Time Build Order
Export as new Build Order

Hellraiser Protoss 

Build Orders: 1 Gate Expand 

Get SALT Encoding   

  12  0:00  Probe  
  13  0:12  Probe  
  14  0:18  Pylon  
  14  0:23  Probe  
  15  0:32  Probe  
  15  0:38  Gateway  
  15  0:41  Probe  
  16  0:48  Assimilator  
  17  0:53  Probe  
  18  1:05  Probe  
  20  1:22  Nexus  
  20  1:25  Probe  
  20  1:36  Cybernetics Core  
  20  1:38  Probe  
  21  1:45  Assimilator  
  21  1:50  Probe  
  22  1:54  Pylon  
  22  2:02  Probe, Stalker  
  23  2:10  Probe  
  23  2:12  Warp Gate  
  26  2:18  Probe  
  27  2:29  Probe  
  27  2:31  Probe, Robotics Facility  
  29  2:39  Probe  
  29  2:41  Probe  
  31  2:49  Sentry, Probe  
  34  2:53  Probe  
  34  2:58  Gateway  
  35  3:01  Probe  
  35  3:05  Probe  
  37  3:10  Twilight Council  
  37  3:13  Probe  
  37  3:14  Immortal  
  37  3:17  Probe  
  43  3:29  Probe  
  43  3:31  Pylon  
  44  3:38  Gateway  
  44  3:41  Gateway  
  44  3:44  Immortal  
  44  3:49  Charge  
  48  4:06  Gateway  
  48  4:07  Gateway  
  48  4:13  Gateway  
  48  4:15  Warp Prism  
  48  4:16  Gateway  
  50  4:29  Assimilator  
  50  4:32  Pylon  
  50  4:39  Pylon  
  50  4:40  Sentry, Zealot  
  50  4:45  Pylon  
  54  4:46  Pylon  
  54  4:54  Pylon  
  54  4:55  Zealot x2  
  58  5:17  Sentry, Zealot  
  58  5:18  Zealot x6  
  74  5:30  Pylon  
  70  5:38  Zealot x5  
  58  6:01  Zealot x6  
  58  6:02  Zealot  
  64  6:04  Sentry  
  60  6:30  Zealot x4  
  52  6:34  Immortal  
  52  6:37  Sentry x2  
  52  6:38  Zealot x6  
  62  6:47  Pylon  
  62  6:52  Pylon  
  62  6:58  Zealot x4  
  70  7:02  Zealot  
  70  7:03  Zealot  
  74  7:09  Zealot  
  74  7:10  Zealot  
  78  7:22  Sentry, Zealot x3  
  86  7:25  Zealot  
  88  7:35  Zealot  
  90  7:39  Sentry  
  90  7:40  Zealot  
  90  7:48  Sentry, Zealot x3  
  90  7:49  Zealot x2  
  90  7:50  Zealot  
  98  8:10  Zealot x5  
  98  8:11  Zealot  
  98  8:12  Sentry  
  74  8:28  Zealot  
Show
View Real Time Build Order
Export as new Build Order

Elazer Zerg - Winner!

Build Orders: Hatch First 

Get SALT Encoding   

  12  0:00  Drone  
  13  0:12  Overlord  
  13  0:17  Drone  
  14  0:30  Drone x2  
  16  0:48  Hatchery  
  15  0:51  Drone  
  15  0:55  Drone  
  17  0:59  Drone  
  18  1:08  Extractor  
  17  1:15  Spawning Pool  
  17  1:17  Drone  
  17  1:20  Drone  
  18  1:27  Drone  
  19  1:39  Drone  
  20  1:49  Drone  
  21  2:01  Queen x2, Overlord  
  21  2:02  Zergling x2  
  26  2:12  Zergling x2  
  26  2:13  Drone  
  28  2:21  Drone x2  
  30  2:32  Drone x2  
  30  2:36  Hatchery  
  31  2:42  Queen  
  33  2:47  Overlord  
  33  2:50  Drone  
  34  2:54  Drone  
  34  2:55  Drone  
  36  3:06  Overlord  
  36  3:08  Drone x2  
  36  3:11  Drone x3  
  41  3:13  Drone  
  41  3:18  Queen  
  44  3:25  Drone x3  
  47  3:32  Overlord  
  47  3:33  Drone  
  48  3:38  Drone  
  49  3:42  Drone x3  
  49  3:47  Overlord  
  52  3:49  Queen  
  52  3:51  Drone  
  52  3:52  Drone x2  
  57  3:59  Queen  
  57  4:02  Lair  
  59  4:06  Roach Warren  
  59  4:08  Drone  
  59  4:09  Drone  
  60  4:11  Drone  
  60  4:12  Drone  
  60  4:13  Drone  
  60  4:16  Overlord  
  63  4:17  Drone  
  63  4:20  Overlord  
  63  4:23  Spine Crawler  
  63  4:26  Spine Crawler  
  62  4:32  Overlord  
  62  4:35  Extractor  
  62  4:37  Overlord  
  61  4:38  Overlord  
  61  4:47  Roach x6  
  61  4:51  Roach x3  
  79  4:55  Overlord  
  79  4:59  Overlord  
  81  5:00  Roach x2  
  81  5:02  Queen, Extractor  
  84  5:07  Overlord  
  84  5:08  Roach  
  84  5:11  Roach x2  
  90  5:16  Roach  
  90  5:17  Overlord  
  90  5:18  Roach  
  94  5:23  Overlord  
  94  5:29  Roach  
  94  5:30  Roach  
  96  5:37  Roach x2  
  96  5:38  Queen x2  
  90  5:46  Roach x3  
  90  5:49  Roach  
  86  5:55  Roach  
  86  5:56  Roach  
  86  6:00  Roach x2  
  89  6:06  Roach x2  
  83  6:11  Queen  
  83  6:13  Queen  
  83  6:14  Roach  
  77  6:27  Roach x4  
  77  6:32  Roach x2  
  83  6:39  Drone x4  
  85  6:40  Drone  
  85  6:45  Glial Reconstitution  
  85  6:46  Drone  
  87  6:48  Drone  
  87  6:50  Drone  
  87  6:51  Drone  
  87  6:53  Drone  
  91  6:55  Drone  
  91  7:01  Overlord  
  92  7:02  Drone x2  
  92  7:03  Drone  
  92  7:05  Extractor  
  94  7:12  Roach x2  
  94  7:13  Overlord  
  98  7:15  Drone  
  98  7:16  Drone  
  98  7:19  Roach  
  98  7:20  Ravager  
  98  7:21  Ravager  
  98  7:22  Ravager  
  105  7:23  Roach  
  105  7:25  Roach  
  105  7:26  Roach  
  111  7:30  Roach  
  111  7:35  Roach x2  
  117  7:37  Roach  
  117  7:39  Overlord  
  117  7:41  Roach x2  
  122  7:46  Roach x2  
  122  7:47  Overlord  
  122  7:50  Roach  
  128  7:53  Roach x2  
  128  8:09  Roach  
  128  8:10  Roach x6  
  128  8:12  Roach  
  112  8:20  Roach  
  112  8:21  Roach  

Tags
 
Add a new tag
Caveats
  • Supply blocks, unpowered buildings, or Contaminate may cause inaccurate times.
  • Supply counts are checked every 10 seconds.